AoeStats
← ska_18

Black Forest

504783599Analyzed
3v3 RM · 26d ago on Sep 6, 2026· 42m 31s· 6 players
Game mode
Random Map
Map size
Normal (6 player)
Population
200
Speed
Normal
Resources
Standard
Victory
Conquest
Starting age
Dark Age
Ending age
Imperial Age
RankedLock teamsTeams togetherTeam positionsShared explorationLock speedFull tech treeHidden civsTurbo modeCheats
Victory
Defeat
🇦🇷 Poles · Argentina
1129
+13
🇨🇱 Turks · Chile
1126
+13
🇨🇳 Hindustanis · China
1122
+14
🇦🇺 Goths · Australia
1095
-14
🇦🇹 Saracens · Austria
1059
-13
🇮🇳 Hindustanis · India
1054
-18
Zad
0:26 Loom
11:40 Feudal Age
13:40 Wheelbarrow
12:51 Town Watch
13:42 Double-Bit Axe
13:39 Horse Collar
19:31 Castle Age
20:26 Bow Saw
20:18 Heavy Plow
24:04 Gold Mining
29:36 Stone Mining
30:57 Hand Cart
31:05 Hand Cart
30:52 Town Patrol
34:23 Imperial Age
33:56 Stone Shaft Mining
33:55 Forging
33:45 Scale Mail Armor
33:50 Anarchy
33:13 Pikeman
33:54 Squires
33:15 Man-at-Arms
34:09 Murder Holes
35:37 Iron Casting
34:26 Elite Huskarl
35:35 Conscription
34:54 Sappers
36:10 Perfusion
37:50 Blast Furnace
37:05 Chain Mail Armor
ska_18
0:59 Loom
11:30 Feudal Age
17:34 Castle Age
25:16 Wheelbarrow
24:39 Double-Bit Axe
24:54 Town Watch
26:15 Hand Cart
26:07 Gold Mining
26:08 Stone Mining
27:53 Forging
VirenMeghanSara
9:17 Loom
11:28 Feudal Age
12:08 Double-Bit Axe
18:27 Castle Age
18:05 Fletching
23:24 Town Watch
24:18 Wheelbarrow
28:02 Horse Collar
28:34 Bow Saw
31:54 Imperial Age
29:34 Padded Archer Armor
29:29 Bodkin Arrow
29:57 Ballistics
30:21 Elite Skirmisher
31:19 Leather Archer Armor
31:24 Masonry
33:41 Chemistry
33:26 Conscription
33:10 Bracer
33:41 Ring Archer Armor
34:23 Two-Man Saw
36:48 Heavy Camel Rider
39:17 Bloodlines
gatuzo
7:10 Loom
9:15 Feudal Age
10:11 Double-Bit Axe
10:30 Man-at-Arms
12:44 Horse Collar
20:20 Castle Age
24:28 Imperial Age
22:18 Gold Mining
22:47 Bow Saw
25:52 Heavy Plow
34:08 Padded Archer Armor
36:10 Leather Archer Armor
39:04 Ring Archer Armor
40:11 Stone Mining
43:17 Gold Shaft Mining
請給我食物choogran
12:36 Feudal Age
13:10 Double-Bit Axe
17:23 Castle Age
15:21 Horse Collar
18:34 Stone Mining
18:50 Heavy Plow
19:50 Bow Saw
20:27 Wheelbarrow
20:18 Gold Mining
25:18 Hand Cart
26:42 Loom
30:32 Imperial Age
29:02 Forging
28:57 Scale Barding Armor
29:04 Szlachta Privileges
29:20 Bloodlines
29:41 Husbandry
30:19 Iron Casting
32:10 Crop Rotation
31:22 Cavalier
32:50 Chain Barding Armor
34:34 Blast Furnace
35:18 Stone Shaft Mining
35:51 Chemistry
35:06 Scale Mail Armor
40:45 Conscription
546308830
0:37 Loom
11:46 Feudal Age
16:07 Castle Age
14:07 Double-Bit Axe
14:50 Horse Collar
19:56 Bow Saw
23:39 Wheelbarrow
26:02 Heavy Plow
30:59 Imperial Age
28:56 Gold Mining
29:09 Grand Trunk Road
29:37 Hand Cart
29:27 Padded Archer Armor
30:40 Town Watch
31:43 Leather Archer Armor
33:11 Chemistry
32:29 Forging
33:17 Gold Shaft Mining
33:32 Masonry
34:03 Ring Archer Armor
33:57 Conscription
33:39 Shatagni
35:26 Two-Man Saw
35:00 Scale Barding Armor
35:33 Iron Casting
37:17 Bloodlines
37:08 Husbandry
36:30 Heavy Camel Rider
40:57 Hoardings
40:45 Chain Barding Armor
41:27 Blast Furnace
40:18 Fletching
42:09 Spies/Treason
Connection lost

Rejoining the realm…

Still unreachable

The connection could not be restored.

Session expired

The server has moved on; the page needs a fresh start.